 Dungeon Crawl Stone Soup version 0.28-a0-909-g796cbd3a86 (webtiles) character file.

Game seed: 1161835875836531122

81 horus123 the Insei (level 4, -1/35 HPs)
             Began as a Draconian Transmuter on Nov 24, 2021.
             Slain by Eustachio (6 damage)
             ... on level 4 of the Dungeon.
             The game lasted 00:03:04 (1908 turns).

horus123 the Insei (Draconian Transmuter)           Turns: 1908, Time: 00:03:05

Health: -1/35      AC:  5    Str: 12      XL:     4   Next: 19%
Magic:  7/7        EV: 12    Int: 14      God:
Gold:   26         SH:  0    Dex: 10 (12) Spells: 5/8 levels left

rFire   . . .      SeeInvis .     - Unarmed
rCold   + . .      Faith    .   (no shield)
rNeg    . . .      Spirit   .   (armour unavailable)
rPois   .          Reflect  .   (helmet currently unavailable)
rElec   .          Harm     .   (no cloak)
rCorr   .          Rampage  .   (no gloves)
Will    .....                   (boots currently unavailable)
Stlth   +.........              (no amulet)
HPRegen 0.11/turn               b - ring of protection from cold
MPRegen 0.10/turn               (no ring)

@: appendages (expiring)
A: horns 2, talons 2, AC +5, unfitting armour, cold-blooded
a: End Transformation


You were on level 4 of the Dungeon.
You had temporarily grown beastly horns and talons.
You visited 1 branch of the dungeon, and saw 3 of its levels.

You collected 26 gold pieces.

Inventory:

Jewellery
 b - a ring of protection from cold (left hand)
Potions
 a - a potion of attraction
 d - a potion of might {unknown}
 e - 2 potions of cancellation {unknown}


   Skills:
 + Level 1.4 Fighting
 + Level 2.2 Dodging
 + Level 0.3 Stealth
 + Level 3.7 Unarmed Combat
 + Level 2.6 Spellcasting
 + Level 2.6 Transmutations


You had 5 spell levels left.
You knew the following spells:

 Your Spells              Type           Power      Damage    Failure   Level
a - Beastly Appendage     Tmut           18%        N/A       8%          1
b - Wereblood             Tmut           9%         N/A       12%         2

Your spell library contained the following spells:

 Spells                   Type           Power      Damage    Failure   Level
 Slow                     Hex            4%         N/A       22%         1
 Corpse Rot               Necr/Air       2%         N/A       34%         2
 Poisonous Vapours        Pois/Air       2%         N/A       34%         2
 Spider Form              Tmut/Pois      5%         N/A       36%         3
 Confusing Touch          Hex            1%         N/A       56%         3
 Ice Form                 Ice/Tmut       5%         N/A       78%         4
 Cause Fear               Hex            0%         N/A       92%         4
 Yara's Violent Unravell  Hex/Tmut       2%         3d3       98%         5
 Dragon Form              Tmut           4%         N/A       100%        7
 Dragon's Call            Summ           0%         N/A       100%        9


Dungeon Overview and Level Annotations

Branches:
Dungeon (2/15)

Altars:
Yredelemnul

Annotations:
D:4 Eustachio


Innate Abilities, Weirdness & Mutations

You have temporarily grown beastly horns and talons.
Your plain brown scales are hard. (AC +5)
You cannot fit into any form of body armour.
You are cold-blooded and may be slowed by cold attacks.


Message History

The quasit bites you. The quasit barely misses you.
The quasit claws you but does no damage.
Eustachio mumbles some strange words.
Eustachio blinks!
The quasit closely misses you.
The quasit claws you but does no damage.
The quasit barely misses you.
You hit the quasit.
You kill the quasit!
The quasit disappears in a puff of smoke!
Eustachio zaps a wand.
The puff of flame hits you!
* * * LOW HITPOINT WARNING * * *
You closely miss Eustachio.
Eustachio is lightly wounded.
Eustachio mumbles some strange words.
You hit Eustachio but do no damage. You claw Eustachio.
Your headbutt misses Eustachio.
You tail-slap Eustachio, but do no damage.
Eustachio is moderately wounded.
Eustachio hits you with a +0 rapier.
* * * LOW HITPOINT WARNING * * *
You barely miss Eustachio.
Eustachio is moderately wounded.
Your transformation is almost over.
Eustachio gestures wildly while chanting.
You hit Eustachio.
Eustachio is moderately wounded.
Eustachio hits you with a +0 rapier.
* * * LOW HITPOINT WARNING * * *
The quokka closely misses you.
You hit Eustachio.
Your tail-slap misses Eustachio.
Eustachio is moderately wounded.
The quokka barely misses you. Eustachio misses you.
Unknown command.
You closely miss Eustachio.
Eustachio is moderately wounded.
The quokka misses you.
You hit Eustachio.
Eustachio is moderately wounded.
Eustachio hits you with a +0 rapier.
You die...

..... .... ... ###
... ..# #.# #.#
#.# #.#
#.######.#.#
#........#r#
#.#.######@# #.#.#
#@# #.#.######5#
#.#......55#
#######.##########
.............#
#######.#....#
#.#.#### #)#.##


You could see Eustachio, a quasit (summoned), a crimson imp (summoned), an
ufetubus (summoned) and a quokka (summoned).

Vanquished Creatures
  2 adders
  2 worms (D:4)
  3 dart slugs
  4 orcs (D:4)
  3 ball pythons
  5 bats
  5 endoplasms
  A giant cockroach (D:1)
  4 goblins
  3 hobgoblins
  6 kobolds
  A quokka (D:1)
  2 frilled lizards (D:1)
  5 rats
46 creatures vanquished.

Notes
Turn   | Place    | Note
-------+----------+-------------------------------------------
     0 | D:1      | horus123 the Draconian Transmuter began the quest for the
                  | Orb.
     0 | D:1      | Reached XP level 1. HP: 16/16 MP: 3/3
    63 | D:1      | Reached XP level 2. HP: 18/23 MP: 1/5
   648 | D:1      | Reached XP level 3. HP: 25/28 MP: 4/6
   651 | D:1      | Learned a level 2 spell: Wereblood
  1123 | D:2      | You fall into a shaft and drop 2 floors!
  1123 | D:4      | Found a basalt altar of Yredelemnul.
  1508 | D:4      | Reached XP level 4. HP: 35/35 MP: 5/7
  1880 | D:4      | Noticed Eustachio
  1908 | D:4      | Slain by Eustachio

Illustrated notes

Levels and vault maps discovered:
D:1:      erik_arrival_orb_chamber, layout_basic
D:2:      layout_rooms
D:4:      layout_basic, mainiacjoe_overflow_six_doors_small,
          mainiacjoe_overflow_boulevard, minmay_temple_entry_from_below_a,
          uniq_eustachio

Skill      XL: |  1 |
---------------+----+-----
Dodging        | 2 |  2.2
Fighting       | |  1.4
Stealth        | |  0.3
Unarmed Combat | |  3.7
Spellcasting   | |  2.6
Transmutations | |  2.6

Action                   |  1- 3 |  4- 6 || total
-------------------------+-------+-------++-------
Melee: Unarmed           |   101 |    41 ||   142
       Kick              |    22 |     8 ||    30
       Headbutt          |    13 |     4 ||    17
       Tailslap          |     8 |     2 ||    10
 Cast: Beastly Appendage |    24 |     5 ||    29
  Use: Scroll            |     2 |     1 ||     3
Armor: Skin              |    28 |    10 ||    38
Dodge: Dodged            |    68 |    32 ||   100

Table legend: (Time is in decaauts)
 A = Elapsed time spent in this place.
 B = Non-inter-level travel time spent in this place.
 C = Inter-level travel time spent in this place.
 D = Time resting spent in this place.
 E = Time spent auto-exploring this place.
 F = Levels seen in this place.
 G = Mean time per level.
                   A        B        C        D        E       F      G
               +--------+--------+--------+--------+--------+-----+--------+
         Total |   1898 |   1862 |     36 |    137 |   1417 |   3 |  632.7 |
       Dungeon |   1898 |   1862 |     36 |    137 |   1417 |   3 |  632.7 |
               +--------+--------+--------+--------+--------+-----+--------+

Top non-repeatable levels by time:
     D:1: 906 daAuts
     D:4: 780 daAuts
     D:2: 210 daAuts
